 Dungeon Crawl Stone Soup version 0.30.0-10-gfe55d96785 (webtiles) character file.

Game seed: 8188715865985535786

268 Byczy the Magician (level 6, -7/32 HPs)
             Began as a Deep Elf Fire Elementalist on May 15, 2023.
             Mangled by Crazy Yiuf
             ... wielding a +4 quarterstaff of chaos
              (11 damage)
             ... on level 3 of the Dungeon.
             The game lasted 00:10:21 (3341 turns).

Byczy the Magician (Deep Elf Fire Elementalist)     Turns: 3341, Time: 00:10:22

Health: -7/32      AC:  2    Str:  5    XL:     6   Next: 1%
Magic:  10/16      EV: 13    Int: 22    God:
Gold:   126        SH:  0    Dex: 15    Spells: 9/15 levels left

rFire   . . .        c - +0 club
rCold   . . .        (no shield)
rNeg    . . .        a - +0 robe
rPois   .            (no helmet)
rElec   .            (no cloak)
rCorr   .            (no gloves)
SInv    .            (no boots)
Will    .....        (no amulet)
Stlth   ++           (no ring)
HPRegen 0.25/turn    (no ring)
MPRegen 0.15/turn

%: no passive effects
@: no status effects
A: no striking features
a: no special abilities


You were on level 3 of the Dungeon.
You visited 1 branch of the dungeon, and saw 3 of its levels.

You collected 126 gold pieces.

Inventory:

Hand Weapons
 c - a +0 club (weapon)
Armour
 a - a +0 robe (worn)
 k - a +0 pair of gloves
Wands
 o - a wand of charming (11)
 p - a wand of mindburst (14)
Scrolls
 d - 5 scrolls of teleportation {unknown}
 e - 4 scrolls of identify {unknown}
 g - a scroll of brand weapon {unknown}
 h - a scroll of acquirement {unknown}
 i - a scroll of blinking {unknown}
Potions
 b - a potion of magic
 f - a potion of might {unknown}
 j - a potion of cancellation {unknown}
 l - a potion of heal wounds {unknown}
 m - a potion of flight {unknown}
 n - a potion of curing {unknown}


   Skills:
 + Level 2.7 Dodging
 + Level 3.4 Stealth
 + Level 5.4 Spellcasting
 + Level 2.9 Conjurations
 + Level 0.5 Hexes
 + Level 5.0 Fire Magic


You had 9 spell levels left.
You knew the following spells:

 Your Spells              Type           Power      Damage    Failure   Level
a - Foxfire               Conj/Fire      92%        2x1d8     1%          1
b - Scorch                Fire           56%        2d7       1%          2
c - Slow                  Hex            32%        N/A       8%          1
d - Blink                 Tloc           10%        N/A       14%         2

Your spell library contained the following spells:

 Spells                   Type           Power      Damage    Failure   Level
 Kiss of Death            Conj/Necr      48%        2d9       5%          1
 Momentum Strike          Conj/Tloc      24%        3d8       9%          2
 Inner Flame              Hex/Fire       18%        N/A       9%          3
 Volatile Blastmotes      Fire/Tloc      34%        2d12      11%         3
 Lesser Beckoning         Tloc           10%        N/A       14%         2
 Flame Wave               Conj/Fire      23%        2d8       19%         4
 Confusing Touch          Hex            8%         N/A       22%         3
 Vampiric Draining        Necr           5%         2d6       28%         3
 Dispel Undead            Necr           5%         3d7       67%         4


Dungeon Overview and Level Annotations

Branches:
Dungeon (3/15)

Altars:
Fedhas

Shops:
D:3 (

Annotations:
D:3 Crazy Yiuf


Message History

The water moccasin is severely wounded.
The water moccasin's fire resistance burns away.
The water moccasin bites you.
Casting: Scorch (safe; 2% risk of failure)
Confirm with . or Enter, or press ? or * to list all spells.
Flames lash the water moccasin.
The water moccasin is burned terribly!
You kill the water moccasin!
Your Spellcasting skill increases to level 5!
Your Fire Magic skill increases to level 5!
You have reached level 6!
You start resting.
HP restored.
You start resting.
Magic restored.
Found a hand axe.
You see here a +0 hand axe.
Found a stone staircase leading up.
There is a stone staircase leading up here.
Crazy Yiuf shouts!
Crazy Yiuf says, "Nubble!"
As you open the door, it creaks loudly!
Casting: Scorch (safe; 1% risk of failure)
Confirm with . or Enter, or press ? or * to list all spells.
Flames lash Crazy Yiuf.
Crazy Yiuf is moderately wounded.
Crazy Yiuf's fire resistance burns away.
Crazy Yiuf hits you with a +4 quarterstaff of chaos!
You are electrocuted!
Ouch! That really hurt!
* * * LOW HITPOINT WARNING * * *
Casting: Scorch (safe; 1% risk of failure)
Confirm with . or Enter, or press ? or * to list all spells.
Flames lash Crazy Yiuf.
Crazy Yiuf is moderately wounded.
Crazy Yiuf barely misses you.
Casting: Scorch (safe; 1% risk of failure)
Confirm with . or Enter, or press ? or * to list all spells.
Flames lash Crazy Yiuf but do no damage.
Crazy Yiuf hits you with a +4 quarterstaff of chaos!
You die...

######## #.......
##### #.###### #..)#
#####.# #...#
#...#.# ... #.#.#.#
## #g# #.#.#.#####.
##@# #.#.........
#.## ######......
##.# #.#....####.
#.## #.#.#.#.....
##.## #.#.#.......
#...## #...........
#....# ##..###.###.
#....# #...........
#....#####.<....)...


You could see Crazy Yiuf (combustible).

Vanquished Creatures
  A water moccasin (D:3)
  A scorpion (D:3)
  An orc wizard (D:3)
  An adder (D:3)
  2 dart slugs
  6 orcs (D:3)
  6 endoplasms
  2 giant cockroaches (D:2)
  7 goblins (D:3)
  9 hobgoblins
  3 jackals (D:1)
  3 quokkas
  3 ball pythons
  5 bats
  2 frilled lizards
  2 kobolds (D:3)
  2 rats
56 creatures vanquished.

Vanquished Creatures (others)
  150 foxfires
150 creatures vanquished.

Grand Total: 206 creatures vanquished

Notes
Turn   | Place    | Note
-------+----------+-------------------------------------------
     0 | D:1      | Byczy the Deep Elf Fire Elementalist began the quest for
                  | the Orb.
     0 | D:1      | Reached XP level 1. HP: 10/10 MP: 6/6
   308 | D:1      | Reached XP level 2. HP: 15/15 MP: 2/8
   360 | D:1      | Learned a level 2 spell: Scorch
  1431 | D:2      | Reached XP level 3. HP: 19/19 MP: 7/10
  1495 | D:2      | Found a blossoming altar of Fedhas.
  2267 | D:3      | Found a runed translucent door.
  2268 | D:3      | Noticed Crazy Yiuf
  2415 | D:3      | Learned a level 1 spell: Slow
  2455 | D:3      | Reached XP level 4. HP: 24/24 MP: 6/12
  2712 | D:3      | Noticed a scorpion
  2722 | D:3      | Killed a scorpion
  2723 | D:3      | Reached XP level 5. HP: 28/28 MP: 3/14
  2979 | D:3      | Found Osacw's Antique Weapon Shoppe.
  3171 | D:3      | Learned a level 2 spell: Blink
  3172 | D:3      | Noticed a water moccasin
  3181 | D:3      | Killed a water moccasin
  3182 | D:3      | Reached skill level 5 in Spellcasting
  3182 | D:3      | Reached skill level 5 in Fire Magic
  3182 | D:3      | Reached XP level 6. HP: 26/32 MP: 6/16
  3341 | D:3      | Mangled by Crazy Yiuf

Illustrated notes

Levels and vault maps discovered:
D:1:      saegor_arrival_under_anarchy, layout_loops_ring
D:2:      layout_basic, basic_altar
D:3:      cheibrodos_greedy_goblins, layout_loops_ring, serial_shops,
          nicolae_shop_competitors_out_of_business, uniq_crazy_yiuf_cottage

Skill      XL: |  1  2  3  4  5 |
---------------+----------------+-----
Spellcasting   | 4 5 |  5.4
Fire Magic     | 4 5 |  5.0
Stealth        | 3 |  3.4
Conjurations   | 2 |  2.9
Dodging        | |  2.7
Hexes          | |  0.5

Action                     |  1- 3 |  4- 6 || total
---------------------------+-------+-------++-------
  Melee: Unarmed           |     1 |       ||     1
         Club              |     3 |     3 ||     6
   Cast: Foxfire           |    67 |    33 ||   100
         Scorch            |     5 |     9 ||    14
         Slow              |       |     3 ||     3
 Armour: Robe              |     2 |     2 ||     4
  Dodge: Dodged            |     4 |    10 ||    14
